AoeStats
← K

Oasis

508771812Analyzed
4v4 RM · 10d ago on Sep 24, 2026· 21m 28s· 8 players
Game mode
Random Map
Map size
Large (8 player)
Population
200
Speed
Normal
Resources
Standard
Victory
Conquest
Starting age
Dark Age
Ending age
Imperial Age
RankedLock teamsTeams togetherTeam positionsShared explorationLock speedFull tech treeHidden civsTurbo modeCheats
Victory
Defeat
🇨🇱 Bengalis · Chile
1259
+15
🇬🇷 Hindustanis · Greece
1257
+15
🇻🇳 Saxons · Vietnam
1238
+16
🇬🇧 Franks · United Kingdom
1180
+19
🇺🇸 Magyars · United States
1272
-18
🇨🇴 Tatars · Colombia
1227
-16
🇨🇴 Japanese · Colombia
1226
-16
🇺🇸 Vikings · United States
1208
-15
Bubba Luciano
11:02 Feudal Age
9:22 Loom
11:11 Feudal Age
15:31 Castle Age
14:01 Fletching
14:05 Horse Collar
15:57 Double-Bit Axe
16:22 Husbandry
19:41 Bodkin Arrow
20:12 Padded Archer Armor
two_fish
7:37 Loom
10:08 Feudal Age
RatZakk
5:09 Loom
12:54 Feudal Age
18:42 Castle Age
17:35 Padded Archer Armor
17:36 Horse Collar
21:34 Fletching
𒉭BEHELIT𒉭
9:58 Feudal Age
10:36 Double-Bit Axe
11:24 Loom
16:47 Horse Collar
19:32 Castle Age
17:23 Stone Mining
18:22 Gold Mining
19:27 Man-at-Arms
20:31 Forging
21:18 Bow Saw
[K]iro#
5:48 Loom
9:25 Feudal Age
10:09 Double-Bit Axe
12:40 Bloodlines
12:34 Horse Collar
18:13 Wheelbarrow
21:45 Castle Age
19:55 Gold Mining
20:40 Fletching
20:50 Padded Archer Armor
lucasmauriciogona
7:13 Loom
9:39 Feudal Age
10:18 Double-Bit Axe
12:29 Horse Collar
17:55 Fletching
21:41 Castle Age
19:41 Gold Mining
nikos9730
5:15 Loom
10:31 Feudal Age
12:19 Double-Bit Axe
23:36 Castle Age
K
11:33 Feudal Age
15:27 Castle Age
13:31 Double-Bit Axe
18:42 Loom
Connection lost

Rejoining the realm…

Still unreachable

The connection could not be restored.

Session expired

The server has moved on; the page needs a fresh start.